 Dungeon Crawl Stone Soup version 0.24-b1 (webtiles) character file.

Game seed: 1809353546658088635, levelgen mode: deterministic

32 Johnny the Digger (level 2, 0/23 HPs)
             Began as a Demigod Earth Elementalist on Oct 13, 2019.
             Succumbed to a worker ant's poison
             ... on level 2 of the Dungeon.
             The game lasted 00:01:23 (1210 turns).

Johnny the Digger (Demigod Earth Elementalist)      Turns: 1210, Time: 00:01:24

Health: 0/23       AC:  1    Str:  9 (11) XL:     2   Next: 93%
Magic:  1/7        EV: 12    Int: 18 (19) God:
Gold:   84         SH:  0    Dex: 14 (16) Spells: 4/5 levels left

rFire    . . .     SeeInvis .   (no weapon)
rCold    . . .     Gourm    .   (no shield)
rNeg     . . .     Faith    .   c - +0 robe
rPois    .         Spirit   .   (no helmet)
rElec    .         Reflect  .   (no cloak)
rCorr    .         Harm     .   (no gloves)
MR       .....     Clarity  +   (no boots)
Stlth    ++........             (no amulet)
HPRegen  0.47/turn              (no ring)
MPRegen  0.10/turn              (no ring)

@: lethally poisoned (0 -> -3)
A: clarity, deformed body, high mp 1, regeneration 1, subdued magic 1
a: no special abilities


You were on level 2 of the Dungeon.
You were not hungry.

You visited 1 branch of the dungeon, and saw 2 of its levels.

You collected 84 gold pieces.

Inventory:

Missiles
 b - 41 stones (quivered)
Armour
 c - a +0 robe (worn)
Jewellery
 j - a +6 ring of dexterity {unknown}
Scrolls
 a - a scroll of fear {unknown}
 g - a scroll of amnesia {unknown}
 i - 3 scrolls of identify {unknown}
Potions
 h - a potion of brilliance {unknown}
Comestibles
 d - 6 rations
 k - a chunk of flesh


   Skills:
 + Level 1.0 Fighting
 - Level 1.7 Dodging
 - Level 1.7 Stealth
 + Level 2.1 Spellcasting
   Level 0.8 Transmutations
 * Level 3.3 Earth Magic


You had 4 spell levels left.
You knew the following spells:

 Your Spells              Type           Power        Failure   Level  Hunger
a - Sandblast             Erth           ##....       3%          1    #......

Your spell library contained the following spells:

 Spells                   Type           Power        Failure   Level  Hunger
 Passwall                 Tmut/Erth      #.......     10%         2    ###....
 Stone Arrow              Conj/Erth      #.....       22%         3    ###....
 Petrify                  Tmut/Erth      #.......     54%         4    #####..
 Lee's Rapid Deconstruct  Erth           ##........   73%         5    ######.


Dungeon Overview and Level Annotations

Branches:
Dungeon (2/15)


Innate Abilities, Weirdness & Mutations

You have an increased reservoir of magic. (+10% MP)
You possess an exceptional clarity of mind.
Armour fits poorly on your strangely shaped body.
Your natural rate of healing is unusually fast.
Your spells are a little easier to cast, but a little less powerful.


Message History

You feel sick. The worker ant bites you.
* * * LOW HITPOINT WARNING * * *
You are more poisoned.
The worker ant poisons you!
Casting: Sandblast (safe; 4% risk of failure)
Confirm with . or Enter, or press ? or * to list all spells.
You don't have enough magic to cast that spell.
No previous command to re-do.
Unknown command.
It was a potion of degeneration.
There was something very wrong with that liquid.
You feel weakened.
You feel dopey.
You feel clumsy.
* * * LOW HITPOINT WARNING * * *
You feel sick. The worker ant bites you.
* * * LOW HITPOINT WARNING * * *
Unknown command.
It was a potion of mutation.
You feel extremely strange.
Your connection to magic feels subdued.
Your body twists and deforms.
Your thoughts seem clearer.
You begin to heal more quickly.
You die...

#.....# #.###.# #.# #.#
##################.# #.#
.................#.# #.#
..........######.#.# #.#
...............#.#.###.#
............#.##.#...#.#
.#####.@#......#.###.#.#
##a#####......#.#.#
#)...w†..$#......†...#
#?#.#.#.#$#....#.#.#.#
#.......##..###.#.#.# ##
.#. ##.......#.#.# .. ..
#.#.........# .# #.
#.........#.# ##
###.#.#######.#


You could see a worker ant and a dart slug.

Vanquished Creatures
  3 dart slugs (D:1)
  4 leopard geckos
  3 giant cockroaches
  A hobgoblin (D:2)
  2 bats
  3 frilled lizards
  4 goblins
  3 rats
23 creatures vanquished.

Notes
Turn   | Place    | Note
-------+----------+-------------------------------------------
     0 | D:1      | Johnny the Demigod Earth Elementalist began the quest for
                  | the Orb.
     0 | D:1      | Reached XP level 1. HP: 14/14 MP: 5/5
   245 | D:1      | Reached skill level 3 in Earth Magic
   250 | D:1      | Reached XP level 2. HP: 22/22 MP: 0/7
  1022 | D:2      | Found a glowing golden altar of the Shining One.
  1047 | D:2      | Reached skill level 1 in Fighting
  1209 | D:2      | HP: 1/23 [worker ant (1)]
  1210 | D:2      | Gained mutation: Your spells are a little easier to cast,
                  | but a little less powerful. [potion of mutation]
  1210 | D:2      | Gained mutation: Armour fits poorly on your strangely
                  | shaped body. [potion of mutation]
  1210 | D:2      | Gained mutation: You possess an exceptional clarity of
                  | mind. [potion of mutation]
  1210 | D:2      | Gained mutation: Your natural rate of healing is unusually
                  | fast. [potion of mutation]
  1210 | D:2      | Succumbed to a worker ant's poison

Skill      XL: |  1  2 |
---------------+-------+-----
Earth Magic    | 3 |  3.3
Spellcasting   | 2 |  2.1
Fighting       | 1 |  1.0
Dodging        | |  1.7
Stealth        | |  1.7
Transmutations | |  0.8

Action                   || total
-------------------------++-------
Melee: Unarmed           ||    25
 Cast: Sandblast         ||    38
  Use: Potion            ||     2
 Stab: Sleeping          ||     1
  Eat: Chunk             ||     1
Armor: Robe              ||     7
Dodge: Dodged            ||    38
